 Dungeon Crawl Stone Soup version 0.29-a0-341-g24ffce5 (webtiles) character file.

Game seed: 4329760418387412030

14 Think the Shield-Bearer (level 2, -1/21 HPs)
             Began as an Octopode Fighter on Apr 19, 2022.
             Slain by a jackal (2 damage)
             ... on level 1 of the Dungeon.
             The game lasted 00:00:41 (272 turns).

Think the Shield-Bearer (Octopode Fighter)           Turns: 272, Time: 00:00:42

Health: -1/21      AC:  1    Str: 15    XL:     2   Next: 45%
Magic:  2/2        EV: 13    Int: 10    God:
Gold:   45         SH:  4    Dex: 11    Spells: 1/1 levels left

rFire   . . .      SeeInvis .   e - +1 dagger (holy)
rCold   . . .      Faith    .   b - +0 buckler
rNeg    . . .      Spirit   .   (helmet restricted)
rPois   .          Reflect  .   (no amulet)
rElec   .          Harm     .   (no ring)
rCorr   .          Rampage  .   (no ring)
Will    .....                   (no ring)
Stlth   ++........              (no ring)
HPRegen 0.07/turn               (no ring)
MPRegen 0.08/turn               (no ring)
                                (no ring)
                                (no ring)

@: no status effects
A: almost no armour, amphibious, 8 rings, camouflage 1, gelatinous body 1,
(nimble swimmer 1), tentacles
a: no special abilities


You were on level 1 of the Dungeon.
You visited 1 branch of the dungeon, and saw 1 of its levels.

You collected 45 gold pieces.

Inventory:

Hand Weapons
 a - a +0 rapier
 e - a +1 dagger of holy wrath (weapon)
Armour
 b - a +0 buckler (worn)
Potions
 c - a potion of might
 d - a potion of heal wounds {unknown}


   Skills:
 - Level 3.0 Fighting
 + Level 3.0 Short Blades
 - Level 3.0 Dodging
 - Level 3.0 Shields


You had one spell level left.
You didn't know any spells.
Your spell library was empty.

Dungeon Overview and Level Annotations

Branches:
Dungeon (1/15)

Altars:


Innate Abilities, Weirdness & Mutations

You cannot wear most types of armour.
You are amphibious.
You can wear up to eight rings at the same time.
Your skin changes colour to match your surroundings (Stealth+).
Your rubbery body absorbs attacks. (AC +1, EV +1)
((You are camouflaged when in or above water. (Stealth+)))
You have tentacles for arms and can constrict up to eight enemies at once.


Message History

You are too injured to fight recklessly!
You are too injured to fight recklessly!
You are too injured to fight recklessly!
You are too injured to fight recklessly!
You are too injured to fight recklessly!
You are too injured to fight recklessly!
You are too injured to fight recklessly!
You are too injured to fight recklessly!
You are too injured to fight recklessly!
You are too injured to fight recklessly!
You are too injured to fight recklessly!
You are too injured to fight recklessly!
You are too injured to fight recklessly!
The goblin hits you with a +0 club.
There are monsters nearby!
The goblin attacks as you move away! The goblin barely misses you.
The goblin attacks as you move away! The goblin closely misses you.
The goblin attacks as you move away! You block the goblin's attack.
You closely miss the goblin. Your grab misses the goblin.
The goblin hits you with a +0 club.
* * * LOW HITPOINT WARNING * * *
You hit the goblin.
You kill the goblin!
You miss the jackal. You grab the jackal. You constrict the jackal.
The jackal bites you.
* * * LOW HITPOINT WARNING * * *
You hit the jackal but do no damage.
The jackal is heavily wounded.
You constrict the jackal.
You kill the jackal!
You block the jackal's attack.
Your Short Blades skill increases to level 3!
You hit the jackal but do no damage. You grab the jackal.
You squeeze the jackal.
The jackal is almost dead.
You constrict the jackal.
You kill the jackal!
You barely miss the jackal. You grab the jackal. You constrict the jackal.
The jackal bites you.
You die...

.....# #....###
#...... #....##..
#.# #††...... #.#
###.....# #.#
#.h.##>.... #.#
#######.##.......
#.# #.@h....#
.######
#.###.######...#
#.##..#... .###
#.##.##.######
#...†.......
###....###.# ###
##...[.#.# ...
###...#.#.### ..#
#.....#.....#..#


You could see a jackal.

Vanquished Creatures
  2 giant cockroaches (D:1)
  2 goblins (D:1)
  A hobgoblin (D:1)
  3 jackals (D:1)
  A quokka (D:1)
  2 frilled lizards (D:1)
  A rat (D:1)
12 creatures vanquished.

Notes
Turn   | Place    | Note
-------+----------+-------------------------------------------
     0 | D:1      | Think the Octopode Fighter began the quest for the Orb.
     0 | D:1      | Reached XP level 1. HP: 16/16 MP: 1/1
   230 | D:1      | Reached XP level 2. HP: 21/21 MP: 2/2
   269 | D:1      | HP: 1/21 [jackal (3)]
   272 | D:1      | Slain by a jackal

Illustrated notes

Levels and vault maps discovered:
D:1:      scummos_arrival_gate, layout_rooms, amcnicky_mini_corridor_feature,
          minmay_misc_feat_roman, st_stairs_3

Skill      XL: |  1  2 |
---------------+-------+-----
Short Blades   | 3 |  3.0
Fighting       | |  3.0
Dodging        | |  3.0
Shields        | |  3.0

Action                   || total
-------------------------++-------
Melee: Dagger            ||    27
       Constrict         ||     7
       Tentacles         ||     6
       Rapier            ||     1
Armor: Skin              ||     1
Dodge: Dodged            ||    14
Block: Buckler           ||    11

Table legend: (Time is in decaauts)
 A = Elapsed time spent in this place.
 B = Non-inter-level travel time spent in this place.
 C = Inter-level travel time spent in this place.
 D = Time resting spent in this place.
 E = Time spent auto-exploring this place.
 F = Levels seen in this place.
 G = Mean time per level.
                   A        B        C        D        E       F      G
               +--------+--------+--------+--------+--------+-----+--------+
         Total |    269 |    269 |      0 |      0 |    200 |   1 |  269.0 |
       Dungeon |    269 |    269 |      0 |      0 |    200 |   1 |  269.0 |
               +--------+--------+--------+--------+--------+-----+--------+

Top non-repeatable levels by time:
     D:1: 269 daAuts
